MLB
TAMPA BAY RAYS @ MILWAUKEE BREWERS
08/14/2041
 
TOP OF THE 1ST
Tampa Bay Rays batting - Pitching for Milwaukee Brewers : LHP Tim Murray
Pitching: LHP Tim Murray
Batting: SHB Juan Longoria 0-0: Called Strike
0-1: Swinging Strike
0-2: Ball
1-2: Foul Ball, location: 2F
1-2: Ball
2-2: Ball
3-2: SINGLE (Groundball, 4MS, EV 65.0 MPH) (infield hit)
Batting: RHB Rory Cochran 0-0: Ball
Juan Longoria is caught stealing 2nd base 2-4
1-0: Swinging Strike
1-1: Swinging Strike
1-2: Ball
2-2: Foul Ball, location: 9LDF
2-2: Foul Ball, location: 2F
2-2: Foul Ball, location: 2F
2-2: Strikes out swinging
Batting: LHB Sancho Huerta 0-0: Called Strike
0-1: Foul Ball, location: 2F
0-2: Ball
1-2: Foul Ball, location: 2F
1-2: Ball
2-2: Ground out U3 (Groundball, 23, EV 88.1 MPH)
Top of the 1st over - 0 runs, 1 hit, 0 errors, 0 left on base; Tampa Bay 0 - Milwaukee 0
BOTTOM OF THE 1ST
Milwaukee Brewers batting - Pitching for Tampa Bay Rays : RHP Julián Martínez
Pitching: RHP Julián Martínez
Batting: SHB José Hernández 0-0: Ground out 6-3 (Groundball, 6, EV 82.5 MPH)
Batting: RHB Rico Rodríguez 0-0: Bunt missed!
0-1: Foul Ball, location: 9LMF
0-2: Ball
1-2: Fly out, F7 (Flyball, 7, EV 90.6 MPH)
Batting: RHB Pepe Franco 0-0: Ball
1-0: Foul Ball, location: 9LSF
1-1: Ball
2-1: Foul Ball, location: 2F
2-2: Fly out, F7 (Flyball, 78M, EV 86.9 MPH)
Bottom of the 1st over - 0 runs, 0 hits, 0 errors, 0 left on base; Tampa Bay 0 - Milwaukee 0
TOP OF THE 2ND
Tampa Bay Rays batting - Pitching for Milwaukee Brewers : LHP Tim Murray
Batting: SHB António Rodríguez 0-0: Called Strike
0-1: Hit by Pitch
Batting: RHB Kade Piper 0-0: Swinging Strike
0-1: Fly out, F9 (Flyball, 89M, EV 89.4 MPH)
Batting: RHB Jim Thompson 0-0: Called Strike
0-1: Called Strike
0-2: Strikes out swinging
Batting: LHB Luis López 0-0: Called Strike
0-1: Ball
1-1: Called Strike
1-2: Ball
2-2: Foul Ball, location: 5DF
2-2: Ball
3-2: Fly out, F7 (Flyball, 78S, EV 86.9 MPH)
Top of the 2nd over - 0 runs, 0 hits, 0 errors, 1 left on base; Tampa Bay 0 - Milwaukee 0
BOTTOM OF THE 2ND
Milwaukee Brewers batting - Pitching for Tampa Bay Rays : RHP Julián Martínez
Batting: LHB Jorge Ramírez 0-0: Ball
1-0: Ball
2-0: Foul Ball, location: 7LMF
2-1: Foul Ball, location: 23F
2-2: Foul Ball, location: 5DF
2-2: Strikes out swinging
Batting: RHB Josh Forrest 0-0: Ball
1-0: SINGLE (Line Drive, 6D, EV 95.0 MPH)
Batting: RHB José Cruz 0-0: Ball
1-0: Ball
2-0: Called Strike
2-1: Ball
3-1: Called Strike
3-2: SINGLE (Groundball, 34S, EV 81.9 MPH) (infield hit)
Josh Forrest to second
Batting: LHB Dave Lynch 0-0: Ball
1-0: Called Strike
1-1: Fielders Choice at 2nd, 5-4 (Groundball, 56, EV 103.1 MPH)
Josh Forrest to third
Batting: RHB Juan Alvarado 0-0: Ball
1-0: Called Strike
1-1: Swinging Strike
1-2: Ball
2-2: Ball
3-2: Strikes out looking
Bottom of the 2nd over - 0 runs, 2 hits, 0 errors, 2 left on base; Tampa Bay 0 - Milwaukee 0
TOP OF THE 3RD
Tampa Bay Rays batting - Pitching for Milwaukee Brewers : LHP Tim Murray
Batting: RHB Edgardo Rincón 0-0: Called Strike
0-1: Called Strike
0-2: Strikes out looking
Batting: RHB Dan Murphy 0-0: Fly out, F8 (Flyball, 8RD, EV 94.4 MPH)
Batting: SHB Juan Longoria 0-0: Ground out 6-3 (Groundball, 6MD, EV 90.0 MPH)
Top of the 3rd over - 0 runs, 0 hits, 0 errors, 0 left on base; Tampa Bay 0 - Milwaukee 0
BOTTOM OF THE 3RD
Milwaukee Brewers batting - Pitching for Tampa Bay Rays : RHP Julián Martínez
Batting: SHB Jim Henderson Jr. 0-0: Called Strike
0-1: Ball
1-1: Ball
2-1: Swinging Strike
2-2: Ball
3-2: Strikes out swinging
Batting: SHB José Hernández 0-0: Called Strike
0-1: Swinging Strike
0-2: Ball
1-2: Ground out 6-3 (Groundball, 6M, EV 82.5 MPH)
Batting: RHB Rico Rodríguez 0-0: Called Strike
0-1: Ball
1-1: Ground out 3-1 (Groundball, 34, EV 111.3 MPH)
Bottom of the 3rd over - 0 runs, 0 hits, 0 errors, 0 left on base; Tampa Bay 0 - Milwaukee 0
TOP OF THE 4TH
Tampa Bay Rays batting - Pitching for Milwaukee Brewers : LHP Tim Murray
Batting: RHB Rory Cochran 0-0: Called Strike
0-1: Swinging Strike
0-2: Ball
1-2: Foul Ball, location: 3F
1-2: Foul Ball, location: 2F
1-2: Fly out, F9 (Flyball, 9, EV 95.0 MPH)
Batting: LHB Sancho Huerta 0-0: Foul Ball, location: 9LDF
0-1: Fly out, F4 (Popup, 34D, EV 51.3 MPH)
Batting: SHB António Rodríguez 0-0: Foul Ball, location: 9LDF
0-1: Ball
1-1: Swinging Strike
1-2: Ball
2-2: Ball
3-2: Foul Ball, location: 5F
3-2: Fly out, F8 (Flyball, 89M, EV 91.9 MPH)
Top of the 4th over - 0 runs, 0 hits, 0 errors, 0 left on base; Tampa Bay 0 - Milwaukee 0
BOTTOM OF THE 4TH
Milwaukee Brewers batting - Pitching for Tampa Bay Rays : RHP Julián Martínez
Batting: RHB Pepe Franco 0-0: Ground out 6-3 (Groundball, 6, EV 101.3 MPH)
Batting: LHB Jorge Ramírez 0-0: Ball
1-0: Called Strike
1-1: Called Strike
1-2: Foul Ball, location: 3F
1-2: Fly out, F7 (Flyball, 78S, EV 86.3 MPH)
Batting: RHB Josh Forrest 0-0: Ball
1-0: Ball
2-0: Foul Ball, location: 2F
2-1: Ground out 5-3 (Groundball, 56S, EV 85.6 MPH)
Bottom of the 4th over - 0 runs, 0 hits, 0 errors, 0 left on base; Tampa Bay 0 - Milwaukee 0
TOP OF THE 5TH
Tampa Bay Rays batting - Pitching for Milwaukee Brewers : LHP Tim Murray
Batting: RHB Kade Piper 0-0: Swinging Strike
0-1: Foul Ball, location: 2F
0-2: Foul Ball, location: 2F
0-2: Ball
1-2: Ball
2-2: Fly out, F8 (Flyball, 89D, EV 110.0 MPH)
Batting: RHB Jim Thompson 0-0: Foul Ball, location: 7LSF
0-1: Fly out, F9 (Flyball, 89M, EV 92.5 MPH)
Batting: LHB Luis López 0-0: Foul Ball, location: 2F
0-1: Foul Ball, location: 7LMF
0-2: Ball
1-2: Foul Ball, location: 5F
1-2: Ball
2-2: Ball
3-2: Fly out, F7 (Flyball, 78M, EV 83.8 MPH)
Top of the 5th over - 0 runs, 0 hits, 0 errors, 0 left on base; Tampa Bay 0 - Milwaukee 0
BOTTOM OF THE 5TH
Milwaukee Brewers batting - Pitching for Tampa Bay Rays : RHP Julián Martínez
Batting: RHB José Cruz 0-0: Ball
1-0: Ground out 1-3 (Groundball, 13S, EV 67.5 MPH)
Batting: LHB Dave Lynch 0-0: Ball
1-0: Foul Ball, location: 2LF, Error on foul ball, E2
1-1: Ball
2-1: SINGLE (Groundball, 15S, EV 69.4 MPH) (infield hit)
Batting: RHB Juan Alvarado 0-0: Foul Ball, location: 7LMF
0-1: Ball
1-1: Ball
2-1: TRIPLE (Line Drive, 89XD, EV 102.5 MPH)
Dave Lynch scores
Batting: SHB Jim Henderson Jr. 0-0: Called Strike
0-1: Ground out 4-3 (Groundball, 4, EV 105.6 MPH)
Batting: SHB José Hernández 0-0: SINGLE (Groundball, 4D, EV 88.1 MPH) (infield hit)
Juan Alvarado scores
Batting: RHB Rico Rodríguez 0-0: Ball
1-0: Ball
2-0: Foul Ball, location: 2F
2-1: SINGLE (Groundball, 34D, EV 102.5 MPH)
José Hernández to second
Runner from 2nd tries for 3rd, SAFE, throw by RF made at trailing runner, OUT! 9-6
Bottom of the 5th over - 2 runs, 4 hits, 1 error, 1 left on base; Tampa Bay 0 - Milwaukee 2
TOP OF THE 6TH
Tampa Bay Rays batting - Pitching for Milwaukee Brewers : LHP Tim Murray
Batting: RHB Edgardo Rincón 0-0: Ball
1-0: Ball
2-0: Ball
3-0: Swinging Strike
3-1: Foul Ball, location: 2F
3-2: Fly out, F6 (Line Drive, 6MD, EV 73.1 MPH)
Batting: RHB Dan Murphy 0-0: Ball
1-0: Ball
2-0: Foul Ball, location: 5FF
2-1: Foul Ball, location: 2F
2-2: Strikes out swinging
Batting: SHB Juan Longoria 0-0: Bunted foul
0-1: DOUBLE (Line Drive, 78XD, EV 108.8 MPH)
Batting: RHB Rory Cochran 0-0: Called Strike
0-1: Foul Ball, location: 9LSF
0-2: SINGLE (Groundball, 15, EV 75.0 MPH) (infield hit)
Juan Longoria to third
Batting: LHB Sancho Huerta 0-0: Called Strike
0-1: Ball
1-1: Ground out 4-3 (Groundball, 4D, EV 110.0 MPH)
Top of the 6th over - 0 runs, 2 hits, 0 errors, 2 left on base; Tampa Bay 0 - Milwaukee 2
BOTTOM OF THE 6TH
Milwaukee Brewers batting - Pitching for Tampa Bay Rays : RHP Julián Martínez
Batting: RHB Pepe Franco 0-0: Foul Ball, location: 9LMF
0-1: Ball
1-1: Foul Ball, location: 3SF
1-2: Ground out 4-3 (Groundball, 4, EV 80.6 MPH)
Batting: LHB Jorge Ramírez 0-0: Ball
1-0: Called Strike
1-1: Ball
2-1: Foul Ball, location: 9LDF
2-2: Ball
3-2: Fly out, F8 (Flyball, 89XD, EV 105.6 MPH)
Batting: RHB Josh Forrest 0-0: Ball
1-0: Ball
2-0: Ball
3-0: SINGLE (Line Drive, 9S, EV 86.3 MPH)
Batting: RHB José Cruz 0-0: Ball
1-0: Called Strike
1-1: Ball
2-1: Fielders Choice at 2nd, 5-4 (Groundball, 56, EV 83.1 MPH)
Bottom of the 6th over - 0 runs, 1 hit, 0 errors, 1 left on base; Tampa Bay 0 - Milwaukee 2
TOP OF THE 7TH
Tampa Bay Rays batting - Pitching for Milwaukee Brewers : LHP Tim Murray
Now at 2B: Dan Thompson
Batting: SHB António Rodríguez 0-0: Ball
1-0: Ball
2-0: Called Strike
2-1: Foul Ball, location: 2F
2-2: Strikes out swinging
Pitching: RHP Edgardo Guzmán
Batting: SHB Víctor Zumaya 0-0: Ball
1-0: Ground out 6-3 (Groundball, 6M, EV 81.3 MPH)
Batting: RHB Jim Thompson 0-0: Foul Ball, location: 5DF
0-1: Ball
1-1: Foul Ball, location: 25F
1-2: Ground out 6-3 (Groundball, 6, EV 104.4 MPH)
Top of the 7th over - 0 runs, 0 hits, 0 errors, 0 left on base; Tampa Bay 0 - Milwaukee 2
BOTTOM OF THE 7TH
Milwaukee Brewers batting - Pitching for Tampa Bay Rays : RHP Julián Martínez
Batting: LHB Dave Lynch 0-0: Ball
1-0: Ball
2-0: Ball
3-0: Base on Balls
Batting: RHB Juan Alvarado 0-0: Ball
1-0: Ball
2-0: Swinging Strike
2-1: Ball
3-1: Base on Balls
Dave Lynch to second
Batting: SHB Jim Henderson Jr. 0-0: Ball
1-0: Ball
2-0: Called Strike
2-1: Foul Ball, location: 5DF
2-2: Ball
3-2: Foul Ball, location: 23F
3-2: Base on Balls
Dave Lynch to third
Juan Alvarado to second
Pitching: RHP Ken Murr
Batting: SHB José Hernández 0-0: Called Strike
0-1: Ball
1-1: SINGLE (Groundball, 6MD, EV 94.4 MPH)
Dave Lynch scores
Juan Alvarado to third
Jim Henderson Jr. to second
Batting: RHB Dan Thompson 0-0: Ball
1-0: Ball
2-0: Grounds into fielders choice 5-2 (Groundball, 56S, EV 83.8 MPH)
Jim Henderson Jr. to third
José Hernández to second
Batting: RHB Pepe Franco 0-0: Foul Ball, location: 9LDF
0-1: SINGLE (Groundball, 34, EV 93.1 MPH)
Jim Henderson Jr. scores
José Hernández to third
Dan Thompson to second
Runner from 3rd tries for Home, SAFE, throw by RF to home
Batting: LHB Jorge Ramírez 0-0: Ball
1-0: Grounds into double play, 4-6-3 (Groundball, 4M, EV 85.6 MPH)
Bottom of the 7th over - 3 runs, 2 hits, 0 errors, 1 left on base; Tampa Bay 0 - Milwaukee 5
TOP OF THE 8TH
Tampa Bay Rays batting - Pitching for Milwaukee Brewers : RHP Edgardo Guzmán
Batting: LHB Luis López 0-0: Called Strike
0-1: Foul Ball, location: 7LMF
0-2: Ball
1-2: Foul Ball, location: 7LSF
1-2: Ball
2-2: Ball
3-2: Fly out, F9 (Flyball, 9LM, EV 90.6 MPH)
Batting: RHB Edgardo Rincón 0-0: Foul Ball, location: 2F
0-1: Foul Ball, location: 7LSF
0-2: Ball
1-2: Ball
2-2: Ball
3-2: Base on Balls
Batting: RHB Dan Murphy 0-0: Ball
1-0: Ball
2-0: Ball
3-0: Base on Balls
Edgardo Rincón to second
Batting: SHB Juan Longoria 0-0: Called Strike
0-1: Ball
1-1: Fly out, F7 (Flyball, 7LM, EV 81.3 MPH)
Runner from 2nd tags up, SAFE at 3rd with throw by LF
Batting: RHB Rory Cochran 0-0: Ball
1-0: Ball
2-0: SINGLE (Line Drive, 34, EV 95.0 MPH)
Edgardo Rincón scores
Dan Murphy to second
Runner from 2nd tries for 3rd, OUT! 9-5
Top of the 8th over - 1 run, 1 hit, 0 errors, 1 left on base; Tampa Bay 1 - Milwaukee 5
BOTTOM OF THE 8TH
Milwaukee Brewers batting - Pitching for Tampa Bay Rays : RHP Ken Murr
Batting: RHB Josh Forrest 0-0: Called Strike
0-1: Foul Ball, location: 3F
0-2: Ground out 5-3 (Groundball, 56S, EV 84.4 MPH)
Batting: RHB José Cruz 0-0: Ball
1-0: Ball
2-0: Called Strike
2-1: Swinging Strike
2-2: Strikes out looking
Batting: LHB Dave Lynch 0-0: Ball
1-0: Ball
2-0: Ball
3-0: Base on Balls
Batting: RHB Juan Alvarado 0-0: Called Strike
Dave Lynch is caught stealing 2nd base 2-4
Bottom of the 8th over - 0 runs, 0 hits, 0 errors, 0 left on base; Tampa Bay 1 - Milwaukee 5
TOP OF THE 9TH
Tampa Bay Rays batting - Pitching for Milwaukee Brewers : RHP Edgardo Guzmán
Pitching: RHP Tony O'Quinn
Batting: LHB Sancho Huerta 0-0: Called Strike
0-1: SINGLE (Flyball, 3D, EV 98.8 MPH)
Batting: SHB António Rodríguez 0-0: Ball
1-0: Ball
2-0: Called Strike
2-1: Ball
3-1: Base on Balls
Sancho Huerta to second
Batting: SHB Víctor Zumaya 0-0: Called Strike
0-1: Called Strike
0-2: Strikes out looking
Pinch Hitting: LHB Jonathan Adams 0-0: Ball
1-0: Ball
2-0: Swinging Strike
2-1: Ball
3-1: Called Strike
3-2: Fielders Choice at 2nd, 3-6 (Groundball, 3, EV 79.4 MPH)
Sancho Huerta to third
Batting: LHB Luis López 0-0: 3-RUN HOME RUN (Flyball, 9LD, EV 94.4 MPH), Distance : 372 ft
Batting: RHB Edgardo Rincón 0-0: Ground out 6-3 (Groundball, 6MS, EV 80.0 MPH)
Top of the 9th over - 3 runs, 2 hits, 0 errors, 0 left on base; Tampa Bay 4 - Milwaukee 5
Sunday, March 24th , 2024 - OOTP Baseball 24.10 Build 82